 Dungeon Crawl Stone Soup version 0.21.1 (webtiles) character file.

21 JeffiDaFish the Stinger (level 2, -3/15 HPs)
             Began as a Gargoyle Venom Mage on Feb 2, 2018.
             Slain by Terence
             ... wielding a +0 mace of holy wrath
              (8 damage)
             ... on level 2 of the Dungeon.
             The game lasted 00:03:03 (1643 turns).

JeffiDaFish the Stinger (Gargoyle Venom Mage)       Turns: 1643, Time: 00:03:04

Health: -3/15      AC:  5    Str: 11    XL:     2   Next: 83%
Magic:  0/5        EV: 12    Int: 15    God:
Gold:   63         SH:  0    Dex: 10    Spells: 2/5 levels left

rFire    . . .     SeeInvis .   h - +0 whip
rCold    . . .     Gourm    .   (no shield)
rNeg     + . .     Faith    .   a - +0 robe
rPois    ∞         Spirit   .   (no helmet)
rElec    +         Reflect  .   e - +0 cloak
rCorr    .         Harm     .   (no gloves)
MR       .....                  (no boots)
Stlth    ++........             d - amulet of inaccuracy (curse)
HPRegen  0.05/turn              (no ring)
MPRegen  0.09/turn              (no ring)

@: no status effects
A: negative energy resistance 1, electricity resistance, unbreathing,
petrification resistance, rot immunity, AC +2
a: no special abilities


You were on level 2 of the Dungeon.
You were not hungry.

You visited 1 branch of the dungeon, and saw 2 of its levels.

You collected 63 gold pieces.

Inventory:

Hand Weapons
 h - a +0 whip (weapon)
Armour
 a - a +0 robe (worn)
 e - a +0 cloak (worn)
Jewellery
 d - a cursed amulet of inaccuracy (around neck)
Scrolls
 f - a scroll of blinking
Books
 b - a Young Poisoner's Handbook

   Spells                             Type                      Level
   a - Sting                          Conjuration/Poison           1
   b - Poisonous Vapours              Poison/Air                   2
   c - Mephitic Cloud                 Conjuration/Poison/Air       3
   d - Olgreb's Toxic Radiance        Poison                       4
   e - Venom Bolt                     Conjuration/Poison           5
Comestibles
 c - 3 rations
 g - 2 chunks of flesh


   Skills:
 * Level 1.8 Dodging
 - Level 2.4 Stealth
 * Level 2.1 Spellcasting
 + Level 1.2 Conjurations
 + Level 0.1 Air Magic
 + Level 3.4 Poison Magic


You had 2 spell levels left.
You knew the following spells:

 Your Spells              Type           Power        Failure   Level  Hunger
a - Sting                 Conj/Pois      #...         9%          1    #......
b - Poisonous Vapours     Pois/Air       #.....       16%         2    ###....


Dungeon Overview and Level Annotations

Branches:
Dungeon (2/15)

Altars:

Annotations:
D:2 Terence


Innate Abilities, Weirdness & Mutations

You are resistant to torment.
Your stone body is resilient. (AC +2)
You are immune to poison.
You resist negative energy. (rN+)
You are resistant to electric shocks. (rElec)
You can survive without breathing.
You are immune to petrification.
You are immune to rotting.


Message History

Poisonous vapours surround Terence!
Terence is engulfed in poison gas.
Terence is poisoned.
Terence hits you with a mace of holy wrath.
You hit Terence but do no damage.
Terence is heavily wounded.
Terence hits you with a mace of holy wrath.
You hit Terence.
Terence is severely wounded.
Terence hits you with a mace of holy wrath.
* * * LOW HITPOINT WARNING * * *
Casting: Poisonous Vapours
Confirm with . or Enter, or press ? or * to list all spells.
Aiming: Sting
Press: ? - help, Shift-Dir - straight line, f/p - Terence
Aim: Terence, wielding a mace of holy wrath and wearing a runed scale mail (almost dead, poisoned)
The sting hits Terence.
Terence appears unharmed.
Terence is almost dead.
Terence hits you with a mace of holy wrath!
Ouch! That really hurt!
You die...

#....... #....... #+#
#....... #.# #.......
####.########.......
##>.........##.......
#......#........#.###
#........##.###.#.#
#..#@..#.##.# #.#.#
##.##..#@.##.##.###.#.#
..!....#.###.##.......#
#..?.# #.######.###
###### #.######.#
#........# ##########


You could see Terence.

Vanquished Creatures
  A leopard gecko (D:2)
  A giant cockroach (D:1)
  3 goblins
  3 hobgoblins (D:1)
  2 jackals (D:1)
  A bat (D:1)
  A frilled lizard (D:1)
  2 kobolds (D:1)
  4 rats
18 creatures vanquished.

Notes
Turn   | Place    | Note
-------+----------+-------------------------------------------
     0 | D:1      | JeffiDaFish the Gargoyle Venom Mage began the quest for the Orb.
     0 | D:1      | Reached XP level 1. HP: 10/10 MP: 3/3
   321 | D:1      | Reached XP level 2. HP: 14/15 MP: 0/5
   325 | D:1      | Learned a level 2 spell: Poisonous Vapours
  1635 | D:2      | Noticed Terence
  1643 | D:2      | Slain by Terence

Action                   || total
-------------------------++-------
Melee: Dagger            ||    46
       Whip              ||     2
 Cast: Sting             ||    14
       Poisonous Vapours ||     4
  Use: Scroll            ||     3
       Potion            ||     1
 Stab: Sleeping          ||     3
  Eat: Chunk             ||     3
Armor: Robe              ||    11
Dodge: Dodged            ||    33
